IL
IOWA CUBS @ COLORADO SPRINGS SKY SOX
08/15/2047
 
TOP OF THE 1ST
Iowa Cubs batting - Pitching for Colorado Springs Sky Sox : LHP John Mandarino
Pitching: LHP John Mandarino
Batting: SHB Seung-ho Zhang 0-0: Ball
1-0: Swinging Strike
1-1: Ball
2-1: Foul Ball, location: 2F
2-2: Ball
3-2: Strikes out swinging
Batting: RHB Leonardo Nava 0-0: Reached on error, E6 (Groundball, 6, EV 106.2 MPH)
Batting: RHB Francisco Ramirez 0-0: SINGLE (Line Drive, 8RS, EV 106.2 MPH)
Leonardo Nava to second
Runner from 2nd tries for 3rd, SAFE, throw by CF made to third
Batting: RHB Adam O'Hare 0-0: Called Strike
0-1: Foul Ball, location: 2F
0-2: Foul Ball, location: 2F
0-2: Strikes out swinging
Batting: LHB Barend van der Kamp 0-0: Called Strike
0-1: SINGLE (Groundball, 6MD, EV 102.5 MPH)
Leonardo Nava scores
Francisco Ramirez to second
Runner from 2nd tries for 3rd, SAFE, throw by CF made to third
Batting: RHB Rich Thurman 0-0: Called Strike
0-1: Called Strike
0-2: Fly out, F8 (Flyball, 8RM, EV 81.2 MPH)
Top of the 1st over - 1 run, 2 hits, 1 error, 2 left on base; Iowa 1 - Colorado Springs 0
BOTTOM OF THE 1ST
Colorado Springs Sky Sox batting - Pitching for Iowa Cubs : RHP Nicolai Volnov
Pitching: RHP Nicolai Volnov
Batting: LHB Steve Gilliam 0-0: Foul Ball, location: 2F
0-1: Ball
1-1: Foul Ball, location: 2F
1-2: Ball
2-2: Foul Ball, location: 2F
2-2: SINGLE (Groundball, 56S, EV 74.4 MPH) (infield hit)
Batting: RHB Ryan Rinaldi 0-0: Ball
Steve Gilliam is caught stealing 2nd base 2-4
1-0: Called Strike
1-1: Called Strike
1-2: Foul Ball, location: 2F
1-2: Strikes out swinging
Batting: LHB Chris Salim 0-0: Ground out 5-3 (Groundball, 56S, EV 82.5 MPH)
Bottom of the 1st over - 0 runs, 1 hit, 0 errors, 0 left on base; Iowa 1 - Colorado Springs 0
TOP OF THE 2ND
Iowa Cubs batting - Pitching for Colorado Springs Sky Sox : LHP John Mandarino
Batting: LHB Mark Ingram 0-0: Called Strike
0-1: Ball
1-1: Foul Ball, location: 2F
1-2: Strikes out swinging
Batting: SHB Art Kent 0-0: Called Strike
0-1: Ball
1-1: Called Strike
1-2: Ball
2-2: Fly out, F9 (Flyball, 9S, EV 86.2 MPH)
Batting: RHB Armando Vilano 0-0: Foul Ball, location: 2F
0-1: Ground out 6-3 (Groundball, 6, EV 101.9 MPH)
Top of the 2nd over - 0 runs, 0 hits, 0 errors, 0 left on base; Iowa 1 - Colorado Springs 0
BOTTOM OF THE 2ND
Colorado Springs Sky Sox batting - Pitching for Iowa Cubs : RHP Nicolai Volnov
Batting: LHB Michael Krott 0-0: Ball
1-0: Foul Ball, location: 2F
1-1: Foul Ball, location: 2F
1-2: Foul Ball, location: 2F
1-2: Strikes out swinging
Batting: SHB Andy Vivas 0-0: Ball
1-0: Ball
2-0: Ball
3-0: Base on Balls
Batting: RHB Justin Williams 0-0: Ball
1-0: Ball
2-0: Ball
3-0: Foul Ball, location: 2F
3-1: Base on Balls
Andy Vivas to second
Batting: RHB Bobby Bowman 0-0: Ball
1-0: SINGLE (Line Drive, 4M, EV 98.8 MPH)
Andy Vivas to third
Justin Williams to second
Batting: RHB Heitaro Tanaka 0-0: Ball
1-0: Ball
2-0: Grounds into double play, 5-4-3 (Groundball, 56S, EV 85.6 MPH)
Bottom of the 2nd over - 0 runs, 1 hit, 0 errors, 2 left on base; Iowa 1 - Colorado Springs 0
TOP OF THE 3RD
Iowa Cubs batting - Pitching for Colorado Springs Sky Sox : LHP John Mandarino
Batting: SHB Seung-ho Zhang 0-0: Ball
1-0: Fly out, F8 (Flyball, 8RM, EV 93.1 MPH)
Batting: RHB Leonardo Nava 0-0: Ball
1-0: Foul Ball, location: 2F
1-1: Swinging Strike
1-2: Ball
2-2: Strikes out swinging
Batting: RHB Francisco Ramirez 0-0: Swinging Strike
0-1: Ball
1-1: Foul Ball, location: 2F
1-2: Strikes out swinging
Top of the 3rd over - 0 runs, 0 hits, 0 errors, 0 left on base; Iowa 1 - Colorado Springs 0
BOTTOM OF THE 3RD
Colorado Springs Sky Sox batting - Pitching for Iowa Cubs : RHP Nicolai Volnov
Batting: RHB Devine Adams 0-0: Ball
1-0: Ball
2-0: Ball
3-0: Base on Balls
Batting: LHB Steve Gilliam 0-0: Ball
1-0: Ball
2-0: Called Strike
2-1: Called Strike
2-2: Strikes out swinging
Batting: RHB Ryan Rinaldi 0-0: Foul Ball, location: 2F
0-1: Ball
Devine Adams is caught stealing 2nd base 2-4
1-1: Fly out, F9 (Flyball, 9D, EV 101.2 MPH)
Bottom of the 3rd over - 0 runs, 0 hits, 0 errors, 0 left on base; Iowa 1 - Colorado Springs 0
TOP OF THE 4TH
Iowa Cubs batting - Pitching for Colorado Springs Sky Sox : LHP John Mandarino
Batting: RHB Adam O'Hare 0-0: Called Strike
0-1: Foul Ball, location: 2F
0-2: Ball
1-2: Foul Ball, location: 2F
1-2: Ball
2-2: Foul Ball, location: 2F
2-2: SOLO HOME RUN (Line Drive, 8RXD, EV 111.9 MPH), Distance : 436 ft
Batting: LHB Barend van der Kamp 0-0: Ball
1-0: Called Strike
1-1: Swinging Strike
1-2: Ground out 4-3 (Groundball, 4, EV 105.6 MPH)
Batting: RHB Rich Thurman 0-0: Ball
1-0: Called Strike
1-1: Ball
2-1: Ball
3-1: Foul Ball, location: 2F
3-2: Ground out 4-3 (Groundball, P, EV 83.8 MPH)
Batting: LHB Mark Ingram 0-0: Ball
1-0: Foul Ball, location: 2F
1-1: Ball
2-1: Swinging Strike
2-2: Strikes out swinging
Top of the 4th over - 1 run, 1 hit, 0 errors, 0 left on base; Iowa 2 - Colorado Springs 0
BOTTOM OF THE 4TH
Colorado Springs Sky Sox batting - Pitching for Iowa Cubs : RHP Nicolai Volnov
Batting: LHB Chris Salim 0-0: Ball
1-0: Called Strike
1-1: Foul Ball, location: 2F
1-2: Strikes out swinging
Batting: LHB Michael Krott 0-0: Ball
1-0: Fly out, F8 (Flyball, 8RM, EV 83.8 MPH)
Batting: SHB Andy Vivas 0-0: Called Strike
0-1: Foul Ball, location: 2F
0-2: Ball
1-2: Ball
2-2: Ball
3-2: Foul Ball, location: 2F
3-2: Strikes out looking
Bottom of the 4th over - 0 runs, 0 hits, 0 errors, 0 left on base; Iowa 2 - Colorado Springs 0
TOP OF THE 5TH
Iowa Cubs batting - Pitching for Colorado Springs Sky Sox : LHP John Mandarino
Batting: SHB Art Kent 0-0: Ball
1-0: Ball
2-0: Swinging Strike
2-1: Foul Ball, location: 2F
2-2: Strikes out swinging
Batting: RHB Armando Vilano 0-0: Ball
1-0: Ball
2-0: Swinging Strike
2-1: Foul Ball, location: 2F
2-2: Fly out, F5 (Popup, 5DF, EV 55.0 MPH)
Batting: SHB Seung-ho Zhang 0-0: Called Strike
0-1: SINGLE (Groundball, 5S, EV 70.6 MPH) (infield hit)
Batting: RHB Leonardo Nava 0-0: Called Strike
Seung-ho Zhang steals 2nd base
0-1: Foul Ball, location: 2F
0-2: Ball
1-2: Strikes out looking
Top of the 5th over - 0 runs, 1 hit, 0 errors, 1 left on base; Iowa 2 - Colorado Springs 0
BOTTOM OF THE 5TH
Colorado Springs Sky Sox batting - Pitching for Iowa Cubs : RHP Nicolai Volnov
Batting: RHB Justin Williams 0-0: Ball
1-0: Ball
2-0: Foul Ball, location: 2F
2-1: SOLO HOME RUN (Line Drive, 7D, EV 97.5 MPH), Distance : 382 ft
Batting: RHB Bobby Bowman 0-0: Called Strike
0-1: Ball
1-1: Called Strike
1-2: Ball
2-2: Ground out 4-3 (Groundball, 4M, EV 102.5 MPH)
Batting: RHB Heitaro Tanaka 0-0: Ball
1-0: SINGLE (Groundball, 6MS, EV 73.8 MPH) (infield hit)
Batting: RHB Devine Adams 0-0: Called Strike
Pickoff Throw to First - Out! 1-3 CS
0-1: Ball
1-1: Foul Ball, location: 2F
1-2: Ground out 6-3 (Groundball, 6, EV 88.8 MPH)
Bottom of the 5th over - 1 run, 2 hits, 0 errors, 0 left on base; Iowa 2 - Colorado Springs 1
TOP OF THE 6TH
Iowa Cubs batting - Pitching for Colorado Springs Sky Sox : LHP John Mandarino
Batting: RHB Francisco Ramirez 0-0: Foul Ball, location: 2F
0-1: Reached on error, E5 (Groundball, 5, EV 85.0 MPH)
Batting: RHB Adam O'Hare 0-0: Called Strike
0-1: Ball
1-1: 2-RUN HOME RUN (Flyball, 7LD, EV 100.0 MPH), Distance : 369 ft
Batting: LHB Barend van der Kamp 0-0: Foul Ball, location: 2F
0-1: Called Strike
0-2: Strikes out looking
Batting: RHB Rich Thurman 0-0: Ball
1-0: Foul Ball, location: 2F
1-1: Fly out, F8 (Flyball, 89D, EV 75.0 MPH)
Batting: LHB Mark Ingram 0-0: Foul Ball, location: 2F
0-1: Ball
1-1: Swinging Strike
1-2: Ball
2-2: Fly out, F5 (Line Drive, 5L, EV 68.8 MPH)
Top of the 6th over - 2 runs, 1 hit, 1 error, 0 left on base; Iowa 4 - Colorado Springs 1
BOTTOM OF THE 6TH
Colorado Springs Sky Sox batting - Pitching for Iowa Cubs : RHP Nicolai Volnov
Batting: LHB Steve Gilliam 0-0: Called Strike
0-1: Ball
1-1: Foul Ball, location: 2F
1-2: Ball
2-2: SINGLE (Groundball, 34D, EV 94.4 MPH)
Batting: RHB Ryan Rinaldi 0-0: SINGLE (Groundball, 56S, EV 61.9 MPH) (infield hit)
Steve Gilliam to second
Batting: LHB Chris Salim 0-0: Ball
Steve Gilliam steals 3rd, throwing error, E2
Steve Gilliam scores
Ryan Rinaldi to third
1-0: Ball
2-0: Called Strike
2-1: Swinging Strike
2-2: Foul Ball, location: 2F
2-2: Strikes out swinging
Batting: LHB Michael Krott 0-0: Ball
1-0: Foul Ball, location: 2F
1-1: Foul Ball, location: 2F
1-2: Strikes out looking
Batting: SHB Andy Vivas 0-0: Called Strike
0-1: Foul Ball, location: 2F
0-2: Strikes out swinging
Bottom of the 6th over - 1 run, 2 hits, 1 error, 1 left on base; Iowa 4 - Colorado Springs 2
TOP OF THE 7TH
Iowa Cubs batting - Pitching for Colorado Springs Sky Sox : LHP John Mandarino
Batting: SHB Art Kent 0-0: Foul Ball, location: 2F
0-1: Ball
1-1: Ground out 4-3 (Groundball, 4, EV 77.5 MPH)
Batting: RHB Armando Vilano 0-0: Ball
1-0: Ball
2-0: Fly out, F9 (Flyball, 9, EV 90.0 MPH)
Batting: SHB Seung-ho Zhang 0-0: Ball
1-0: Ball
2-0: Swinging Strike
2-1: Called Strike
2-2: Ground out 6-3 (Groundball, 56, EV 78.8 MPH)
Top of the 7th over - 0 runs, 0 hits, 0 errors, 0 left on base; Iowa 4 - Colorado Springs 2
BOTTOM OF THE 7TH
Colorado Springs Sky Sox batting - Pitching for Iowa Cubs : RHP Nicolai Volnov
Batting: RHB Justin Williams 0-0: Foul Ball, location: 2F
0-1: Called Strike
0-2: Ground out 6-3 (Groundball, 6, EV 93.8 MPH)
Batting: RHB Bobby Bowman 0-0: Foul Ball, location: 2F
0-1: Ball
1-1: Ground out 1-3 (Groundball, 13S, EV 67.5 MPH)
Batting: RHB Heitaro Tanaka 0-0: Ball
1-0: Ball
2-0: Ball
3-0: Base on Balls
Pitching: LHP Bill Esten
Batting: RHB Devine Adams 0-0: Ball
1-0: Called Strike
1-1: Foul Ball, location: 2F
1-2: Ball
2-2: Ball
3-2: Base on Balls
Heitaro Tanaka to second
Batting: LHB Steve Gilliam 0-0: Swinging Strike
0-1: Called Strike
0-2: Ball
1-2: Ball
2-2: Ball
3-2: Base on Balls
Heitaro Tanaka to third
Devine Adams to second
Batting: RHB Ryan Rinaldi 0-0: SINGLE (Line Drive, 34D, EV 97.5 MPH)
Heitaro Tanaka scores
Devine Adams to third
Steve Gilliam to second
Runner from 3rd tries for Home, SAFE, throw by RF to home
Pinch Hitting: SHB Bobby Santor 0-0: DOUBLE (Groundball, 5L, EV 97.5 MPH)
Steve Gilliam scores
Ryan Rinaldi to third
Batting: LHB Michael Krott 0-0: Ground out 6-3 (Groundball, 56, EV 87.5 MPH)
Bottom of the 7th over - 3 runs, 2 hits, 0 errors, 2 left on base; Iowa 4 - Colorado Springs 5
TOP OF THE 8TH
Iowa Cubs batting - Pitching for Colorado Springs Sky Sox : LHP John Mandarino
Pitching: RHP Trey Price
Now at SS: Cesar Arteaga
Now in LF: Chris Besselman
Batting: RHB Leonardo Nava 0-0: Called Strike
0-1: Ball
1-1: Foul Ball, location: 2F
1-2: Foul Ball, location: 2F
1-2: Ball
2-2: Strikes out looking
Batting: RHB Francisco Ramirez 0-0: Ball
1-0: SINGLE (Line Drive, 7S, EV 95.0 MPH)
Batting: RHB Adam O'Hare 0-0: Ball
1-0: Foul Ball, location: 2F
1-1: Foul Ball, location: 2F
1-2: Ball
2-2: Fly out, F7 (Flyball, 7, EV 96.9 MPH)
Batting: LHB Barend van der Kamp 0-0: Called Strike
0-1: Ground out 6-3 (Groundball, 6S, EV 87.5 MPH)
Top of the 8th over - 0 runs, 1 hit, 0 errors, 1 left on base; Iowa 4 - Colorado Springs 5
BOTTOM OF THE 8TH
Colorado Springs Sky Sox batting - Pitching for Iowa Cubs : LHP Bill Esten
Batting: SHB Andy Vivas 0-0: Called Strike
0-1: Ball
1-1: Foul Ball, location: 2F
1-2: Ball
2-2: Strikes out swinging
Batting: RHB Justin Williams 0-0: Swinging Strike
0-1: Ball
1-1: Swinging Strike
1-2: Ball
2-2: Strikes out looking
Batting: RHB Bobby Bowman 0-0: Called Strike
0-1: Ball
1-1: Foul Ball, location: 2F
1-2: Strikes out swinging
Bottom of the 8th over - 0 runs, 0 hits, 0 errors, 0 left on base; Iowa 4 - Colorado Springs 5
TOP OF THE 9TH
Iowa Cubs batting - Pitching for Colorado Springs Sky Sox : RHP Trey Price
Pitching: RHP Jim Bruley
Batting: RHB Rich Thurman 0-0: Ball
1-0: Ball
2-0: Ball
3-0: Called Strike
3-1: Fly out, F8 (Flyball, 8RD, EV 104.4 MPH)
Batting: LHB Mark Ingram 0-0: Swinging Strike
0-1: Called Strike
0-2: Ball
1-2: Ball
2-2: Strikes out swinging
Batting: SHB Art Kent 0-0: Called Strike
0-1: Swinging Strike
0-2: Ground out 5-3 (Groundball, 5, EV 93.1 MPH)
Top of the 9th over - 0 runs, 0 hits, 0 errors, 0 left on base; Iowa 4 - Colorado Springs 5
Thursday, December 15th , 2022 - OOTP Baseball 23.9 Build 102